Map: 2000 Atmospheres LE

Players

Pumba - Winner!

  • Race: Zerg Zerg
  • League: Master
  • Spawn Location: 3:00

iiiiiiiiiiii

  • Race: Terran Terran
  • League: Diamond
  • Spawn Location: 7:00

VOD

Have the link to the VOD?

Description

Time

  • Played on: Sept. 7, 2021, 6:58 p.m.
  • Length: 14:07
Show
View Real Time Build Order
Export as new Build Order

Pumba Zerg - Winner!

Build Orders: Hatch First 

Get SALT Encoding   

  12  0:00  Drone  
  13  0:13  Overlord  
  13  0:17  Drone  
  14  0:31  Drone x2  
  16  0:36  Drone  
  17  0:52  Hatchery  
  17  0:55  Drone  
  17  0:59  Drone  
  18  1:11  Extractor  
  17  1:14  Spawning Pool  
  17  1:16  Drone  
  17  1:21  Drone  
  18  1:29  Drone  
  19  1:41  Drone  
  20  1:49  Overlord  
  20  2:04  Queen  
  20  2:05  Queen  
  20  2:06  Zergling x4  
  26  2:14  Metabolic Boost  
  26  2:15  Roach Warren  
  25  2:19  Zergling x4  
  28  2:29  Zergling x2  
  22  3:05  Drone  
  23  3:08  Drone  
  24  3:15  Drone  
  25  3:23  Drone x2  
  25  3:24  Drone  
  28  3:39  Drone  
  29  3:51  Drone  
  29  3:53  Drone  
  31  3:58  Drone  
  31  4:01  Queen  
  34  4:03  Drone  
  34  4:09  Overlord  
  35  4:22  Queen, Hatchery  
  36  4:28  Drone x3  
  36  4:30  Drone x3  
  42  4:38  Drone  
  42  4:39  Drone  
  44  4:51  Overlord, Extractor  
  44  4:52  Overlord  
  43  4:53  Overlord  
  43  4:59  Drone  
  44  5:09  Overlord  
  43  5:23  Lair  
  43  5:25  Drone x6, Roach Warren  
  48  5:29  Zergling x4, Extractor  
  48  5:30  Zergling x2, Extractor  
  48  5:34  Zergling x2  
  50  5:45  Drone x3  
  50  5:46  Drone x2  
  55  5:54  Overlord  
  55  6:06  Roach x5  
  55  6:08  Drone x4  
  69  6:25  Overseer  
  69  6:27  Glial Reconstitution  
  69  6:30  Drone  
  69  6:31  Spire  
  69  6:32  Drone x6  
  75  6:42  Overlord  
  75  6:44  Drone x5  
  80  6:58  Roach x4  
  80  7:01  Ravager x3  
  97  7:08  Roach x3  
  93  7:19  Roach x2  
  93  7:21  Spore Crawler  
  93  7:22  Spore Crawler  
  93  7:26  Overseer, Queen x2  
  93  7:28  Overseer  
  88  7:30  Spore Crawler  
  88  7:33  Roach x5  
  97  7:42  Spore Crawler  
  96  7:49  Drone x2, Roach  
  96  7:50  Drone  
  95  7:55  Drone x3  
  96  8:05  Mutalisk  
  96  8:07  Overlord x2  
  96  8:08  Overlord  
  97  8:13  Extractor  
  97  8:14  Extractor  
  95  8:26  Mutalisk x5  
  105  8:31  Drone x3  
  105  8:33  Drone  
  109  9:02  Drone x4  
  113  9:03  Baneling Nest, Evolution Chamber  
  113  9:04  Drone x2, Evolution Chamber  
  113  9:05  Drone x5  
  117  9:10  Hatchery  
  116  9:19  Spore Crawler x2  
  116  9:22  Drone  
  116  9:23  Drone x7  
  111  9:44  Drone x2  
  109  9:48  Mutalisk x2  
  109  9:50  Overseer  
  106  9:54  Drone  
  106  9:55  Drone  
  106  9:56  Drone x6  
  104  10:07  Pneumatized Carapace  
  104  10:08  Hatchery  
  104  10:10  Drone x2  
  104  10:13  Overlord x2  
  105  10:14  Zerg Missile Weapons Level 1, Zerg Melee Weapons Level 1  
  105  10:17  Roach x3  
  111  10:22  Zergling x2  
  111  10:23  Zergling x2  
  113  10:39  Roach x7  
  127  10:46  Queen  
  127  10:48  Roach x4  
  137  10:57  Roach x2  
  137  10:58  Zergling x2, Roach  
  137  11:02  Zerg Flyer Weapons Level 1  
  137  11:03  Infestation Pit  
  143  11:05  Hatchery  
  143  11:10  Zergling x4  
  144  11:14  Overlord x6  
  144  11:27  Zergling x12  
  144  11:32  Overlord x2  
  150  11:34  Zergling x12  
  150  11:36  Baneling  
  150  11:37  Baneling x5  
  156  11:47  Zergling x16  
  156  11:49  Baneling  
  156  11:50  Baneling x11  
  164  11:55  Zergling x14  
  171  12:05  Zergling x2, Ravager  
  171  12:06  Zergling x10  
  171  12:07  Centrifugal Hooks  
  178  12:11  Zergling x2  
  176  12:22  Zergling x12  
  168  12:23  Zergling x6  
  166  12:31  Overseer, Hive  
  166  12:33  Extractor  
  166  12:34  Extractor  
  164  12:38  Zergling x16  
  164  12:42  Hatchery  
  171  12:45  Zergling x8  
  166  12:55  Zergling x10  
  159  13:01  Zergling x14  
  145  13:17  Zergling x14  
  134  13:33  Drone x6  
  134  13:34  Drone x5  
  134  13:47  Spore Crawler  
  134  13:48  Spore Crawler  
Show
View Real Time Build Order
Export as new Build Order

iiiiiiiiiiii Terran 

Build Orders:  

Get SALT Encoding   

  12  0:00  SCV  
  13  0:13  SCV  
  14  0:25  SCV  
  14  0:28  Supply Depot  
  15  0:52  Barracks  
  15  0:53  Barracks  
  15  0:55  SCV  
  16  1:07  SCV  
  16  1:08  Refinery  
  17  1:19  SCV  
  18  1:31  SCV  
  19  1:36  Supply Depot  
  19  1:39  Marine  
  20  1:40  Marine  
  20  1:43  Orbital Command  
  21  1:57  Marine  
  21  1:58  Marine  
  23  2:10  Bunker  
  23  2:14  Bunker  
  23  2:15  SCV, Marine x2  
  26  2:29  Factory  
  24  2:40  Marine x2  
  20  2:54  SCV  
  20  2:58  Marine x2  
  22  2:59  Command Center  
  23  3:06  SCV  
  24  3:16  Marine x2  
  24  3:17  Refinery  
  24  3:18  SCV  
  27  3:21  Hellion  
  29  3:30  SCV  
  28  3:49  Factory Tech Lab  
  28  3:52  SCV  
  25  4:02  Starport  
  25  4:04  SCV  
  25  4:08  Cyclone  
  29  4:12  Orbital Command  
  29  4:17  SCV  
  29  4:18  Factory  
  30  4:32  SCV  
  31  4:39  SCV, Starport Tech Lab  
  31  4:41  Hellion  
  34  4:49  Command Center  
  34  4:54  Orbital Command  
  34  4:58  SCV, Banshee, Cloaking Field  
  38  5:04  Hellion  
  38  5:05  Factory Reactor  
  40  5:15  SCV  
  40  5:18  Refinery  
  41  5:25  Hellion  
  41  5:26  Refinery, SCV  
  41  5:27  SCV  
  45  5:37  Supply Depot  
  45  5:38  SCV  
  46  5:50  Supply Depot  
  46  5:58  SCV x2  
  46  5:59  Hellion x2  
  46  6:00  Armory, Banshee  
  46  6:03  Supply Depot  
  55  6:07  Hellion  
  57  6:14  Orbital Command  
  57  6:20  Hellion, SCV  
  57  6:22  SCV  
  61  6:29  Cyclone  
  61  6:32  SCV  
  65  6:34  SCV  
  65  6:36  Supply Depot  
  66  6:43  Hellion  
  68  6:47  Banshee  
  68  6:52  SCV x3  
  74  6:59  Supply Depot  
  74  7:02  Terran Vehicle Weapons Level 1  
  67  7:31  Orbital Command  
  67  7:37  Hellion x2, Siege Tank  
  51  8:08  SCV  
  51  8:09  SCV x2, Siege Tank  
  56  8:13  Hellion x2  
  56  8:15  Banshee  
  56  8:18  Command Center  
  63  8:21  SCV, Factory  
  63  8:22  Factory  
  63  8:24  Refinery  
  63  8:25  SCV  
  63  8:26  SCV  
  66  8:33  Refinery  
  66  8:34  SCV  
  67  8:37  Hellion x2  
  67  8:38  SCV x2  
  76  8:46  SCV  
  77  8:48  Thor  
  77  8:53  Engineering Bay  
  77  8:55  SCV x2  
  82  8:58  SCV, Widow Mine x2  
  87  9:08  Factory Tech Lab  
  87  9:09  Factory Tech Lab  
  87  9:10  SCV  
  87  9:13  Raven  
  90  9:20  Missile Turret  
  90  9:22  SCV, Missile Turret  
  90  9:24  Missile Turret  
  90  9:29  Thor  
  90  9:30  Thor, Missile Turret  
  81  9:55  Hellion x2, Siege Tank  
  85  10:07  Command Center  
  85  10:09  Command Center  
  85  10:10  Terran Vehicle Weapons Level 2  
  85  10:12  Missile Turret, Factory  
  85  10:13  Factory  
  85  10:14  Hi-Sec Auto Tracking  
  85  10:15  SCV  
  86  10:24  Supply Depot x2  
  86  10:29  Missile Turret  
  86  10:32  Infernal Pre-Igniter  
  85  10:45  Thor, SCV x3, Siege Tank, Hellion x2  
  101  10:51  Missile Turret  
  101  10:57  Factory Tech Lab  
  101  10:58  Factory Tech Lab  
  101  11:13  Missile Turret  
  101  11:17  Missile Turret  
  101  11:18  Supply Depot  
  101  11:20  Siege Tank  
  101  11:21  Supply Depot  
  104  11:28  SCV  
  104  11:31  Supply Depot  
  104  11:32  Hellion, Siege Tank  
  114  11:33  Hellion x2  
  114  11:36  Refinery x2  
  114  11:48  Supply Depot x2  
  114  11:50  Siege Tank  
  114  11:52  Planetary Fortress  
  117  11:54  SCV  
  117  11:58  Missile Turret  
  117  11:59  SCV x2  
  117  12:00  SCV  
  121  12:06  SCV, Siege Tank  
  123  12:22  Siege Tank x3  
  111  12:23  Hellion x2  
  111  12:29  SCV x2  
  93  12:33  Hellion  
  95  12:39  SCV  
  95  12:40  Factory  
  96  12:44  SCV  
  96  12:47  Armory  
  83  12:56  Siege Tank  
  65  13:02  Siege Tank  
  65  13:03  Hellion x3  
  65  13:05  Siege Tank  
  65  13:06  Hellion  
  64  13:22  SCV  
  64  13:24  Hellion x2, Siege Tank  
  65  13:27  Siege Tank  
  65  13:30  Hellion  
  65  13:34  SCV  
  59  13:46  SCV  
Tags
 
Add a new tag
Caveats
  • Supply blocks, unpowered buildings, or Contaminate may cause inaccurate times.
  • Supply counts are checked every 10 seconds.